 Dungeon Crawl Stone Soup version 0.27-a0-1248-g57ac2eb73c (webtiles) character file.

Game seed: 14164955827153351484

42 Delamore the Skirmisher (level 3, 0/30 HPs)
             Began as a Formicid Fighter on June 10, 2021.
             Succumbed to an adder's poison
             ... on level 1 of the Dungeon.
             The game lasted 00:01:00 (1295 turns).

Delamore the Skirmisher (Formicid Fighter)          Turns: 1295, Time: 00:01:00

Health: 0/30       AC:  6    Str: 21    XL:     3   Next: 80%
Magic:  3/3        EV:  8    Int:  7    God:
Gold:   0          SH:  9    Dex: 10    Spells: 2/2 levels left

rFire    . . .     SeeInvis +   a - +0 trident
rCold    . . .     Faith    .   c - +0 kite shield
rNeg     . . .     Spirit   .   b - +0 scale mail
rPois    .         Reflect  .   (helmet unavailable)
rElec    .         Harm     .   (no cloak)
rCorr    .         Rampage  .   (no gloves)
Will     .....                  (no boots)
Stlth    ..........             (no amulet)
HPRegen  0.10/turn              (no ring)
MPRegen  0.08/turn              (no ring)

@: lethally poisoned (0 -> -7), attractive
A: permanent stasis, dig shafts and tunnels, antennae 3, four strong arms
a: Dig, Shaft Self


You were on level 1 of the Dungeon.
You visited 1 branch of the dungeon, and saw 2 of its levels.

Inventory:

Hand Weapons
 a - a +0 trident (weapon)
Armour
 b - a +0 scale mail (worn)
 c - a +0 kite shield (worn)
Scrolls
 e - a scroll of enchant weapon {unknown}
 f - a scroll of noise {unknown}
Potions
 d - a potion of might
 g - a potion of attraction


   Skills:
 + Level 3.8 Fighting
 * Level 3.3 Polearms
 - Level 3.2 Armour
 - Level 3.6 Shields


You had 2 spell levels left.
You didn't know any spells.
Your spell library was empty.

Dungeon Overview and Level Annotations

Branches:
Dungeon (2/15)

Altars:


Innate Abilities, Weirdness & Mutations

You cannot be hasted, slowed, berserked, paralysed or teleported.
You can dig through walls and to a lower floor.
You have a pair of large antennae on your head. (SInv)
Your four strong arms can wield two-handed weapons with a shield.


Message History

You miss the adder. You block the adder's attack.
You hit the adder.
The adder is moderately wounded.
The adder bites you but does no damage. The adder barely misses you.
You puncture the adder!
The adder is almost dead.
The adder bites you.
You are poisoned.
The adder poisons you! The adder bites you.
You are more poisoned.
The adder poisons you!
You barely miss the adder.
The adder is almost dead.
You feel very sick. The adder misses you. You block the adder's attack.
You miss the adder.
The adder is almost dead.
You feel very sick. You block the adder's attack. x2
It was a potion of attraction.
You feel attractive to monsters.
You feel sick. The adder bites you but does no damage.
You miss the adder.
The adder is almost dead.
You feel sick. The adder bites you.
* * * LOW HITPOINT WARNING * * *
You are lethally poisoned!
The adder poisons you! The adder barely misses you.
You puncture the adder!
You kill the adder!
* * * LOW HITPOINT WARNING * * *
You feel very sick.
* * * LOW HITPOINT WARNING * * *
You feel sick.
Items here: $ ))) ? †††.
Okay, then.
As you read the scroll labelled JIASAEM QANO, it crumbles to dust.
You assume a fearsome visage.
Nothing appears to happen.
It was a scroll of fear.
You die...

# #..# ###..########### #.#
# #..# #..............# #.#
# #..# #.##.#########.# #.#
#..# #.##.# ###.### #.#
#..###.##.# ###.....####.#
#.........# #............#
#.####.#..# #.....#.######
#.# #.#..#####...###...#
#####)# #.#....@..>......#.#
......##
#.#.#####..........#
.......# #.#.#
##....####.#.#
.....#.###.#.# #.#.#.##
#.#.# # ####.#..##...#
#......# #.#.# #
#.........###.>....###.#.# #
##..................##....#
#
##÷.######..#.#.........#..#
# ##...# #..#........##....#
#


There were no monsters in sight!

Vanquished Creatures
  An adder (D:1)
  2 dart slugs (D:1)
  2 ball pythons
  4 bats
  3 endoplasms (D:1)
  3 goblins (D:1)
  3 hobgoblins (D:1)
  A quokka (D:1)
  A frilled lizard (D:1)
  4 kobolds (D:1)
  2 rats (D:1)
26 creatures vanquished.

Notes
Turn   | Place    | Note
-------+----------+-------------------------------------------
     0 | D:1      | Delamore the Formicid Fighter began the quest for the Orb.
     0 | D:1      | Reached XP level 1. HP: 18/18 MP: 1/1
   126 | D:1      | Reached XP level 2. HP: 24/24 MP: 2/2
   707 | D:1      | Reached XP level 3. HP: 24/30 MP: 3/3
  1295 | D:1      | Succumbed to an adder's poison

Illustrated notes

Levels and vault maps discovered:
D:1:      eino_arrival_tree_alley, layout_loops_ring, hangedman_decor_growths
D:2:      layout_rooms, hellmonk_ecumenical_altar_lost_god, serial_shops,
          shop_statue, minmay_pentomino_v4

Skill      XL: |  1  2  3 |
---------------+----------+-----
Polearms       | 3 |  3.3
Fighting       | |  3.8
Armour         | |  3.2
Shields        | |  3.6

Action                   || total
-------------------------++-------
Melee: Trident           ||   103
 Abil: Dig               ||     2
  Use: Scroll            ||     1
       Potion            ||     1
Armor: Scale mail        ||    49
Dodge: Dodged            ||    34
Block: Kite shield       ||    76

Table legend: (Time is in decaauts)
 A = Elapsed time spent in this place.
 B = Non-inter-level travel time spent in this place.
 C = Inter-level travel time spent in this place.
 D = Time resting spent in this place.
 E = Time spent auto-exploring this place.
 F = Levels seen in this place.
 G = Mean time per level.
                   A        B        C        D        E       F      G
               +--------+--------+--------+--------+--------+-----+--------+
         Total |   1332 |   1307 |     25 |    229 |    841 |   2 |  666.0 |
       Dungeon |   1332 |   1307 |     25 |    229 |    841 |   2 |  666.0 |
               +--------+--------+--------+--------+--------+-----+--------+

Top non-repeatable levels by time:
     D:1: 1080 daAuts
     D:2: 251 daAuts
